 Dungeon Crawl Stone Soup version 0.28-a0-1613-gdaab1c2f9b (console) character file.

Game seed: 7743000903438041890

5590 Melian the Cleaver (level 10, -7/101 HPs)
             Began as a Minotaur Berserker on Jan 22, 2022.
             Was an Elder of Trog.
             Mangled by Snorg (8 damage)
             ... on level 9 of the Dungeon.
             The game lasted 00:24:01 (10174 turns).

Melian the Cleaver (Minotaur Berserker)            Turns: 10174, Time: 00:24:01

Health: -7/101     AC: 18    Str: 26    XL:     10   Next: 45%
Magic:  9/9        EV:  7    Int:  4    God:    Trog [****..]
Gold:   439        SH:  5    Dex: 10    Spells: 9/9 levels left

rFire   . . .      SeeInvis .   a - +3 war axe (venom)
rCold   . . .      Faith    .   d - +2 buckler
rNeg    . . .      Spirit   .   E - +0 plate armour
rPois   +          Reflect  .   (helmet restricted)
rElec   .          Harm     .   r - +0 cloak
rCorr   .          Rampage  .   (no gloves)
Will    ++...                   i - +0 pair of boots
Stlth   ..........              (no amulet)
HPRegen 1.26/turn               m - +4 ring of protection
MPRegen 0.11/turn               n - ring of poison resistance

@: strong-willed, regenerating
A: horns 2, retaliatory headbutt
a: Renounce Religion, Berserk, Trog's Hand, Brothers in Arms


You were on level 9 of the Dungeon.
You worshipped Trog.
Trog was greatly pleased with you.
You visited 1 branch of the dungeon, and saw 10 of its levels.

You collected 497 gold pieces.
You spent 58 gold pieces at shops.

Inventory:

Hand Weapons
 a - a +3 war axe of venom (weapon)
 F - a +2 long sword of flaming
 K - a +4 battleaxe
Missiles
 J - 3 throwing nets (quivered)
Armour
 d - a +2 buckler (worn)
 i - a +0 pair of boots (worn)
 o - the +4 tower shield of Dramatic Exits {Stlth+}
   (You found it on level 6 of the Dungeon)

   Stlth:     It makes you more stealthy.
 r - a +0 cloak (worn)
 E - a +0 plate armour (worn)
Jewellery
 h - a ring of protection from fire
 m - a +4 ring of protection (left hand)
 n - a ring of poison resistance (right hand)
 s - a +6 ring of dexterity
 t - a ring of flight
Wands
 p - a wand of iceblast (13)
 v - a wand of digging (5)
 z - a wand of mindburst (9)
 G - a wand of flame (12)
 H - a wand of acid (12)
Scrolls
 k - 6 scrolls of teleportation
 x - a scroll of fear {unknown}
 y - a scroll of noise {unknown}
 B - a scroll of vulnerability {unknown}
 D - a scroll of magic mapping
 I - a scroll of enchant weapon {unknown}
 L - a scroll of identify
Potions
 b - 2 potions of attraction
 c - a potion of ambrosia {unknown}
 e - 5 potions of haste
 f - a potion of invisibility {unknown}
 g - 2 potions of resistance
 j - 3 potions of heal wounds
 l - 3 potions of curing
 q - 2 potions of lignification
 u - a potion of might
 A - a potion of degeneration {unknown}


   Skills:
 + Level 13.3 Fighting
 + Level 13.3 Axes
 + Level 4.1 Armour
 - Level 2.4 Dodging


You had 9 spell levels left.
You didn't know any spells.
Your spell library was empty.

Dungeon Overview and Level Annotations

Branches:
Dungeon (10/15)            Temple (0/1) D:7             Orc (0/2) D:9
   Lair: D:8-11

Altars:
Qazlal

Shops:
D:7 [

Annotations:
D:8 exclusion: ice statue
D:9 Snorg


Innate Abilities, Weirdness & Mutations

You have a pair of horns on your head.
You reflexively headbutt those who attack you in melee.


Message History

Your skin crawls.
You feel strong-willed.
Snorg rages.
You block Snorg's attack. Snorg closely misses you. Snorg claws you.
* * * LOW HITPOINT WARNING * * *
You feel much better. Snorg bites you but does no damage.
Snorg closely misses you. Snorg claws you.
You closely miss Snorg.
Snorg is heavily wounded.
Snorg bites you!
* * * LOW HITPOINT WARNING * * *
Snorg claws you!
* * * LOW HITPOINT WARNING * * *
You block Snorg's attack. Snorg bites you but does no damage.
Snorg claws you but does no damage. x2
You feel much better. Snorg bites you but does no damage.
Snorg claws you but does no damage. Snorg claws you.
You slice Snorg!!
Snorg looks even sicker.
Snorg is heavily wounded.
Snorg bites you but does no damage. Snorg closely misses you.
Snorg claws you but does no damage.
You slice Snorg!!
Snorg looks as sick as possible!
Your headbutt misses Snorg.
Snorg is severely wounded.
Snorg bites you but does no damage. Snorg claws you. You block Snorg's attack.
Snorg bites you but does no damage. Snorg claws you. x2
* * * LOW HITPOINT WARNING * * *
You feel much better.
You block Snorg's attack. x2; Snorg claws you!
You closely miss Snorg. You headbutt Snorg!
Snorg is severely wounded.
Snorg bites you. Snorg claws you. x2; Snorg bites you!
* * * LOW HITPOINT WARNING * * *
Snorg claws you.
* * * LOW HITPOINT WARNING * * *
Snorg barely misses you.
You feel much better. Snorg bites you!
* * * LOW HITPOINT WARNING * * *
Snorg claws you.
* * * LOW HITPOINT WARNING * * *
Snorg claws you but does no damage.
You slash Snorg!
Snorg looks as sick as possible!
Snorg is almost dead.
Snorg bites you!
* * * LOW HITPOINT WARNING * * *
Snorg claws you but does no damage. Snorg claws you!
You die...

.....# #.# ######.#####.#
###### #.# #.# #.# #.# #.#
#.# ## #.# #.# ##.#
.#######.##### #.# ##..#
.##.....#....# #.###...####
.##.####.###.# #..........#
.##.# #.###.# #####...##.#
.##.####.[##.## ##.###.#
.##.##.>......#########.# #.#
.##.##.##.##...T@.....#.# #.#
....##.##.##.########.#.# #.#
.......##.##......# #.#.# #.#
##..##.##..####.#.###.#.# #.#
..........(...........#.# #.#
.......##...............# #.#
.##....##....##.........# #.#
.##..........##.......### #.#
......................# #.#
.................##...# #.#
.................##...#####.#


You could see Snorg (berserk, extremely poisoned).

Vanquished Creatures
  Harold (D:8)
  A two-headed ogre (D:9)
  Maggie (D:8)
  A troll (D:9)
  A shadow (D:7)
  A wraith (D:9)
  A wyvern (D:8)
  3 yaks (D:4)
  Eustachio (D:5)
  An acid dragon (D:8)
  Menkaure (D:5)
  2 wargs (D:9)
  An orc warrior (D:7)
  4 ice beasts
  A black bear (D:5)
  A sky beast (D:8)
  A necrophage (D:8)
  2 ogres (D:6)
  2 bullfrogs
  A water moccasin zombie (D:6)
  A scorpion (D:6)
  2 water moccasin skeletons
  3 wights (D:9)
  A howler monkey (D:5)
  A centaur zombie (D:8)
  A bullfrog zombie (D:5)
  A bullfrog skeleton (D:5)
  2 hounds
  4 jellies
  7 orc priests
  2 iguanas (D:5)
  A centaur skeleton (D:5)
  A gnoll shaman (D:9)
  A scorpion zombie (D:5)
  Natasha (D:3)
  6 orc wizards
  A killer bee zombie (D:8)
  Robin (D:4)
  4 gnolls (D:9)
  5 adders
  A shadow imp (D:7)
  2 white imps (D:8)
  3 ufetubi
  2 dart slugs
  26 orcs
  6 ball pythons
  8 endoplasms
  18 goblins
  3 hobgoblins
  3 quokkas
  6 bats
  4 frilled lizards (D:1)
  5 kobolds
  6 rats
167 creatures vanquished.

Vanquished Creatures (others)
  An orc (D:8)
1 creature vanquished.

Grand Total: 168 creatures vanquished

Notes
Turn   | Place    | Note
-------+----------+-------------------------------------------
     0 | D:1      | Melian the Minotaur Berserker began the quest for the Orb.
     0 | D:1      | Reached XP level 1. HP: 19/19 MP: 0/0
   395 | D:1      | Found a faded altar of an unknown god.
   421 | D:1      | Reached XP level 2. HP: 19/27 MP: 1/1
   917 | D:1      | Reached ** piety under Trog
  1615 | D:2      | Reached XP level 3. HP: 33/33 MP: 2/2
  2952 | D:3      | Noticed Natasha
  2959 | D:3      | Killed Natasha
  2960 | D:3      | Reached XP level 4. HP: 41/41 MP: 3/3
  3112 | D:3      | Reached skill level 5 in Axes
  3343 | D:3      | Reached skill level 5 in Fighting
  3571 | D:4      | Noticed Robin
  3590 | D:4      | Killed Robin
  4108 | D:4      | Noticed a yak
  4108 | D:4      | Noticed a yak
  4110 | D:4      | Noticed a yak
  4119 | D:4      | Killed a yak
  4120 | D:4      | Reached XP level 5. HP: 35/50 MP: 4/4
  4120 | D:4      | Reached XP level 6. HP: 40/57 MP: 5/5
  4125 | D:4      | Killed a yak
  4132 | D:4      | Killed a yak
  4133 | D:4      | Reached XP level 7. HP: 55/66 MP: 6/6
  4475 | D:5      | Entered Level 5 of the Dungeon
  4774 | D:5      | Reached *** piety under Trog
  4839 | D:5      | Noticed Eustachio
  4846 | D:5      | Killed Eustachio
  4915 | D:5      | Reached XP level 8. HP: 72/75 MP: 7/7
  5524 | D:5      | Noticed Menkaure
  5528 | D:5      | Killed Menkaure
  5794 | D:5      | Identified the +2 whip of Lust {holy, Str+3 Int+2}
  5952 | D:6      | Identified the +4 tower shield of Dramatic Exits {Stlth+}
  6001 | D:6      | Reached skill level 10 in Fighting
  6001 | D:6      | Reached skill level 10 in Axes
  6763 | D:6      | Reached XP level 9. HP: 86/86 MP: 8/8
  6876 | D:7      | Found a staircase to the Ecumenical Temple.
  7280 | D:7      | Found a stormy altar of Qazlal.
  7355 | D:7      | Found Uduxkug's Armour Boutique.
  7358 | D:7      | Bought a +0 cloak for 58 gold pieces
  7892 | D:8      | Noticed an ice devil
  7894 | D:8      | Noticed an ice devil
  7931 | D:8      | Identified a scroll of acquirement
  7931 | D:8      | Acquired a +3 war axe of venom
  8050 | D:8      | Noticed an ice devil
  8054 | D:8      | Noticed an ice devil
  8054 | D:8      | Noticed an ice devil
  8054 | D:8      | Noticed an ice statue
  8057 | D:8      | Noticed an ice devil
  8435 | D:8      | Noticed Maggie
  8447 | D:8      | Killed Maggie
  8447 | D:8      | Reached **** piety under Trog
  8692 | D:8      | Noticed Harold
  8704 | D:8      | Killed Harold
  8705 | D:8      | Reached XP level 10. HP: 76/100 MP: 9/9
  9133 | D:9      | Noticed a two-headed ogre
  9141 | D:9      | Killed a two-headed ogre
  9386 | D:9      | HP: 4/101 [orc priest/divine providence (16)]
  9980 | D:9      | Found a staircase to the Orcish Mines.
 10143 | D:10     | Entered Level 10 of the Dungeon
 10144 | D:10     | Noticed Snorg
 10174 | D:9      | HP: 1/101 [Snorg (16)]
 10174 | D:9      | Mangled by Snorg

Illustrated notes

Levels and vault maps discovered:
D:1:      minmay_arrival_open_corners, layout_loops_corners,
          ebering_ecumenical_altar_rust
D:2:      layout_loops_corners
D:3:      minmay_door_path, layout_loops_corners, uniq_natasha
D:4:      layout_loops_cross, uniq_robin
D:5:      layout_loops_ring, uniq_eustachio, uniq_menkaure
D:6:      layout_basic
D:7:      layout_basic, nicolae_overflow_crystal_walls,
          minmay_temple_entry_mist, serial_shops, nicolae_shop_behind_doors
D:8:      cheibrodos_frozen_isle, layout_basic, grunt_decor_fettered,
          uniq_maggie, uniq_harold
D:9:      layout_loops_ring, erik_orc_4
D:10:     layout_rooms, uniq_snorg

Skill      XL: |  1  2  3  4  5  6  7  8  9 10 |
---------------+-------------------------------+-----
Axes           | 4 6 7 8 10 12 13 | 13.3
Fighting       | 4 6 7 8 10 12 13 | 13.3
Armour         | 4 |  4.1
Dodging        | |  2.4

Action                   |  1- 3 |  4- 6 |  7- 9 | 10-12 || total
-------------------------+-------+-------+-------+-------++-------
Melee: Hand axe          |    78 |    55 |   202 |       ||   335
       Headbutt          |    10 |    10 |    45 |    12 ||    77
       Punch             |     1 |     1 |       |       ||     2
       War axe           |       |       |    43 |    55 ||    98
       Battleaxe         |       |       |    15 |       ||    15
Invok: Berserk           |     1 |     2 |     4 |     2 ||     9
       Trog's Hand       |       |       |       |     1 ||     1
Evoke: Wand              |       |       |       |     2 ||     2
  Use: Scroll            |       |       |    13 |     3 ||    16
       Potion            |       |       |       |     5 ||     5
 Stab: Sleeping          |     2 |       |       |       ||     2
Armor: Animal skin       |     5 |       |       |       ||     5
       Leather armour    |    11 |       |       |       ||    11
       Chain mail        |       |    23 |    77 |       ||   100
       Ring mail         |       |     4 |       |       ||     4
       Plate armour      |       |       |    40 |    45 ||    85
Dodge: Dodged            |    57 |    20 |    72 |    26 ||   175
Block: Buckler           |       |       |    38 |    15 ||    53

Table legend: (Time is in decaauts)
 A = Elapsed time spent in this place.
 B = Non-inter-level travel time spent in this place.
 C = Inter-level travel time spent in this place.
 D = Time resting spent in this place.
 E = Time spent auto-exploring this place.
 F = Levels seen in this place.
 G = Mean time per level.
                   A        B        C        D        E       F      G
               +--------+--------+--------+--------+--------+-----+--------+
         Total |  10252 |   9919 |    333 |      0 |   8224 |  10 | 1025.2 |
       Dungeon |  10252 |   9919 |    333 |      0 |   8224 |  10 | 1025.2 |
               +--------+--------+--------+--------+--------+-----+--------+

Top non-repeatable levels by time:
     D:8: 1237 daAuts
     D:5: 1232 daAuts
     D:2: 1214 daAuts
     D:1: 1190 daAuts
     D:4: 1153 daAuts
     D:3: 1131 daAuts
     D:9: 1086 daAuts
     D:7: 999 daAuts
     D:6: 991 daAuts
    D:10: 13 daAuts
